 Dungeon Crawl Stone Soup version 0.31-a0-750-gfe7b580527 (webtiles) character file.

Game seed: 5584755918087398700

12578 Aneyh the Severer (level 11, -4/54 HPs)
             Began as a Tengu Monk on Sept 15, 2023.
             Was an Elder of Hepliaklqana.
             Slain by a death yak (17 damage)
             ... on level 9 of the Dungeon.
             The game lasted 00:18:18 (9015 turns).

Aneyh the Severer (Tengu Monk)                      Turns: 9015, Time: 00:18:18

Health: -4/54      AC: 12    Str: 16    XL:     11   Next: 95%
Magic:  12/12      EV: 21    Int: 10    God:    Hepliaklqana [****..]
Gold:   415        SH:  0    Dex: 17    Spells: 10/10 levels left

rFire   + . .        a - +1 broad axe (heavy)
rCold   . . .        (no shield)
rNeg    . . .        q - +2 ring mail {rF+}
rPois   .            z - +1 hat
rElec   .            k - +1 cloak
rCorr   +            (no gloves)
SInv    .            (boots unavailable)
Will    .....        (no amulet)
Stlth   +            n - +5 ring of evasion
HPRegen 0.29/turn    J - ring of resist corrosion
MPRegen 0.13/turn

%: acrobat
@: flying
A: reduced essence, beak, talons 3, evasive flight, acrobatic, iridescent scales
1, noise suppression
a: Renounce Religion, Recall Ancestor, Ancestor Identity, Transference, Idealise


You were on level 9 of the Dungeon.
You worshipped Hepliaklqana.
Hepliaklqana was greatly pleased with you.
You visited 2 branches of the dungeon, and saw 11 of its levels.
You also visited: Ossuary and Bailey.

You collected 599 gold pieces.
You spent 184 gold pieces at shops.

Inventory:

Hand Weapons
 a - a +1 heavy broad axe (weapon)
 b - a +0 scythe
 g - a +2 sling of draining
 y - a +0 flail of holy wrath
 B - a +0 halberd
 H - a +0 trident
 M - a +0 war axe
 P - a +6 broad axe
 V - a +4 scimitar of flaming
Missiles
 l - 12 boomerangs
 C - 7 poisoned darts
Armour
 k - a +1 cloak (worn)
 q - a +2 ring mail of fire resistance (worn)
 u - the +0 robe of the Slorg {Int+3}
   (You found it on level 3 of the Dungeon)

   Int+3:     It affects your intelligence (+3).
 z - a +1 hat (worn)
 U - a +0 troll leather armour
 W - a +2 robe of resistance
Jewellery
 n - a +5 ring of evasion (left hand)
 J - a ring of resist corrosion (right hand)
Wands
 m - a wand of flame (16) (quivered)
 K - a wand of charming (10)
 S - a wand of iceblast (3)
Scrolls
 c - 4 scrolls of amnesia
 e - a scroll of revelation {unknown}
 h - 4 scrolls of teleportation
 o - 3 scrolls of fear {unknown}
 p - 3 scrolls of noise {unknown}
 r - 2 scrolls of enchant armour {unknown}
 s - 4 scrolls of immolation {unknown}
 t - a scroll of vulnerability {unknown}
 v - a scroll of silence {unknown}
 D - 7 scrolls of fog
 E - a scroll of torment {unknown}
 L - 2 scrolls of summoning {unknown}
 O - a scroll of poison {unknown}
 T - 2 scrolls of identify
Potions
 d - a potion of heal wounds
 f - a potion of resistance {unknown}
 i - 2 potions of cancellation {unknown}
 j - 4 potions of mutation
 w - 2 potions of brilliance {unknown}
 x - 2 potions of degeneration {unknown}
 A - 2 potions of might
 F - 5 potions of curing
 G - 3 potions of lignification
 I - 2 potions of magic {unknown}
 N - a potion of haste {unknown}
 Q - a potion of invisibility {unknown}
 R - a potion of experience


   Skills:
 - Level 3.0 Fighting
 * Level 19.8 Axes
 - Level 4.0 Dodging


You had 10 spell levels left.
You didn't know any spells.
Your spell library contained the following spells:

 Spells                   Type           Power      Damage    Failure   Level
 Necrotise                Necr           0%         1d4       58%         1
 Blink                    Tloc           0%         N/A       73%         2
 Lesser Beckoning         Tloc           0%         N/A       73%         2
 Momentum Strike          Conj/Tloc      0%         3d8       73%         2
 Animate Armour           Summ/Erth      0%         N/A       100%        4
 Petrify                  Tmut/Erth      0%         N/A       100%        4
 Summon Lightning Spire   Summ/Air       0%         N/A       100%        4
 Alistair's Intoxication  Tmut/Pois      0%         N/A       100%        5
 Borgnjor's Vile Clutch   Necr/Erth      0%         N/A       100%        5
 Lee's Rapid Deconstruct  Erth           0%         3d4*      100%        5
 Eringya's Noxious Bog    Tmut/Pois      0%         4d6       100%        6
 Haunt                    Necr/Summ      0%         N/A       100%        7


Dungeon Overview and Level Annotations

Branches:
Dungeon (10/15)            Temple (1/1) D:5            Lair (0/5) D:10
Ossuary (visited)          Bailey (visited)
    Orc: D:9-12

Altars:
Ashenzari
Cheibriados
Dithmenos
Elyvilon
Fedhas
Gozag
Hepliaklqana
Kikubaaqudgha
Makhleb
Nemelex Xobeh
Okawaru
Qazlal
Ru
Sif Muna
Trog
Uskayaw
Vehumet
Wu Jian
Xom
Yredelemnul
Zin
The Shining One

Shops:
D:8 ([

Annotations:
D:3 2 transporters
D:8 2 transporters


Innate Abilities, Weirdness & Mutations

Your life essence is reduced to manifest your ancestor. (-10% HP)
You have a beak for a mouth.
You have claws for feet.
Your magical flight helps you evade attacks. (EV +4)
You can magically evade attacks while moving or waiting.
You are partially covered in iridescent scales. (AC +2)
You passively dampen the noise of your surroundings.


Message History

You swap places.
There is a stone staircase leading down, spattered with blood here.
You fly downwards.
The death yak gores you!!
There is a stone staircase leading up, spattered with blood here.
The death yak completely misses you.
You fly upwards.
There is a stone staircase leading down, spattered with blood here.
You swap places.
Njabulo hits the death yak with a +0 flail.
You hit the death yak but do no damage. Your peck misses the death yak.
The death yak is lightly wounded.
The death yak completely misses you.
Njabulo hits the death yak but does no damage.
You slash the death yak! You claw the death yak.
The death yak is moderately wounded.
The death yak completely misses you.
You slash the death yak! You claw the death yak!
Your peck misses the death yak.
The death yak is heavily wounded.
Njabulo hits the death yak with a +0 flail!
The death yak closely misses you.
You barely miss the death yak.
You peck the death yak, but do no damage.
The death yak is severely wounded.
The death yak gores you!!
* * * LOW HITPOINT WARNING * * *
Njabulo barely misses the death yak.
You barely miss the death yak. Your kick misses the death yak.
You peck the death yak, but do no damage.
The death yak is severely wounded.
The death yak misses you.
Njabulo hits the death yak but does no damage.
You completely miss the death yak. You claw the death yak.
The death yak is severely wounded.
The death yak barely misses you.
Njabulo closely misses the death yak.
You hit the death yak. You claw the death yak.
You peck the death yak, but do no damage.
The death yak is severely wounded.
The death yak gores you!
You die...

#.####..# #...#.#..............#
....##..# ###.#.#..##.###.#.#.##
.....#..# ##.#.......###.#.#.#
.....#..# ##...##..##.........#
._......####[[...#.<##.#R#.....#
.....#.......[......##.##.#.#..#
.....#.#####.....#####.###.##..#
....##(# ##...######.# ####..#
#.####.# #........##
###########............#########
##############


You could see the friendly Njabulo the knight and a death yak (ally target).

Vanquished Creatures
  An orc warlord (Bailey)
  A death yak (D:9)
  A two-headed ogre (D:8)
  A kobold demonologist (D:7)
  A komodo dragon (D:10)
  2 trolls
  A hornet (D:10)
  A slime creature (D:10)
  Sigmund (D:2)
  2 vampires
  A wyvern (D:9)
  14 yaks
  A wraith (D:10)
  Grum (D:10)
  A steam dragon (D:8)
  2 vampire mosquitoes (D:9)
  2 black bears
  5 orc warriors
  A sky beast (D:8)
  An ogre (D:6)
  3 wolves (D:10)
  2 centaurs
  A kobold brigand (D:7)
  6 elf zombies (Ossuary)
  6 bullfrogs
  A scorpion (D:7)
  A water moccasin zombie (D:3)
  23 killer bees
  4 howler monkeys
  4 jellies
  2 centaur zombies (Ossuary)
  2 human zombies (Ossuary)
  5 orc priests
  2 hounds (D:6)
  An iguana (D:6)
  10 orc wizards
  A sleepcap (D:5)
  2 hound zombies (D:3)
  4 mummies
  6 adders
  7 gnolls
  2 river rats (D:10)
  3 white imps
  A worm (D:3)
  A dart slug (D:3)
  29 orcs
  7 ball pythons
  24 endoplasms
  2 giant cockroaches
  5 hobgoblins
  10 kobolds
  5 quokkas
  2 bats
  4 frilled lizards (D:3)
  7 goblins
  2 hobgoblin zombies (D:6)
  A jackal zombie (D:3)
  3 rats
242 creatures vanquished.

Vanquished Creatures (collateral kills)
  Erica (D:10)
  A queen bee (D:9)
  A yak (D:10)
  An orc warrior (Bailey)
  A sky beast (D:6)
  A phantom (D:6)
  An elf zombie (Ossuary)
  A scorpion (D:7)
  5 killer bees
  A centaur zombie (Ossuary)
  An orc priest (D:9)
  3 orc wizards
  3 orcs
  2 goblins (D:9)
  A hobgoblin (Bailey)
24 creatures vanquished.

Vanquished Creatures (others)
  4 knights
4 creatures vanquished.

Grand Total: 270 creatures vanquished

Notes
Turn   | Place    | Note
-------+----------+-------------------------------------------
     0 | D:1      | Aneyh the Tengu Monk began the quest for the Orb.
     0 | D:1      | Reached XP level 1. HP: 14/14 MP: 2/2
     7 | D:1      | Noticed a troll
     7 | D:1      | Noticed a human
     9 | D:1      | Noticed a vine stalker
     9 | D:1      | Noticed a ghoul
    11 | D:1      | Noticed a merfolk
    11 | D:1      | Noticed a demigod
    13 | D:1      | Noticed a felid
    15 | D:1      | Noticed an octopode
    15 | D:1      | Noticed a vampire
    17 | D:1      | Noticed a draconian
    17 | D:1      | Noticed an armataur
    19 | D:1      | Noticed an ogre
    19 | D:1      | Noticed a minotaur
    21 | D:1      | Noticed a spriggan
    21 | D:1      | Noticed an elf
    23 | D:1      | Noticed a meteoran
    25 | D:1      | Noticed a tengu
    27 | D:1      | Noticed a formicid
    27 | D:1      | Noticed a gargoyle
    29 | D:1      | Noticed a naga
    29 | D:1      | Noticed a felid
    31 | D:1      | Noticed a draconian
   293 | D:1      | Reached XP level 2. HP: 7/19 MP: 3/3
   863 | D:2      | Reached skill level 4 in Axes
   957 | D:2      | Reached XP level 3. HP: 23/23 MP: 4/4
  1115 | D:2      | Noticed Sigmund
  1137 | D:2      | Killed Sigmund
  1138 | D:2      | Reached skill level 6 in Axes
  1138 | D:2      | Reached XP level 4. HP: 24/28 MP: 5/5
  1138 | D:2      | Reached XP level 5. HP: 28/32 MP: 6/6
  1161 | D:2      | You fall into a shaft and drop 1 floor!
  1165 | D:3      | Found a transporter.
  1180 | D:3      | Found a transporter.
  1348 | D:3      | Reached skill level 7 in Axes
  1348 | D:3      | Reached XP level 6. HP: 37/37 MP: 7/7
  1362 | D:3      | Found a basalt altar of Yredelemnul.
  1576 | D:3      | Identified the +0 robe of the Slorg {Int+3}
  1726 | D:3      | Found a shimmering altar of Xom.
  1877 | D:3      | Found a shadowy altar of Dithmenos.
  1877 | D:3      | Found a blossoming altar of Fedhas.
  2338 | D:4      | Reached skill level 8 in Axes
  2394 | D:4      | Gained mutation: Your magical flight helps you evade
                  | attacks. (EV +4) [Tengu growth]
  2394 | D:4      | Reached XP level 7. HP: 40/41 MP: 8/8
  2656 | D:5      | Entered Level 5 of the Dungeon
  2759 | D:5      | Reached skill level 9 in Axes
  3055 | D:5      | Reached XP level 8. HP: 37/46 MP: 9/9
  3062 | D:5      | Reached skill level 10 in Axes
  3326 | D:5      | Found a staircase to the Ecumenical Temple.
  3377 | Temple   | Entered the Ecumenical Temple
  3612 | D:5      | Found a hazy altar of Hepliaklqana.
  3621 | D:5      | Became a worshipper of Hepliaklqana the Forgotten
  3621 | D:5      | Reached * piety under Hepliaklqana
  3621 | D:5      | Reached ** piety under Hepliaklqana
  3622 | D:5      | Remembered your ancestor Njabulo as a knight
  3907 | D:6      | Reached skill level 11 in Axes
  3976 | D:6      | Found a sand-covered staircase.
  4025 | Ossuary  | Entered an ossuary
  4058 | Ossuary  | Reached skill level 12 in Axes
  4312 | Ossuary  | Reached XP level 9. HP: 29/45 MP: 10/10
  4424 | Ossuary  | Reached skill level 13 in Axes
  5266 | D:7      | Noticed a kobold demonologist
  5282 | D:7      | Killed a kobold demonologist
  5283 | D:7      | Reached skill level 14 in Axes
  5543 | D:8      | Noticed a skeletal warrior
  5544 | D:8      | Noticed a tengu conjurer
  5546 | D:8      | Found an iron altar of Okawaru.
  5654 | D:8      | Reached *** piety under Hepliaklqana
  5732 | D:8      | Found a glowing golden altar of the Shining One.
  5752 | D:8      | Found Ciaqamut's Weapon Shoppe.
  5775 | D:8      | Reached XP level 10. HP: 19/50 MP: 8/11
  5776 | D:8      | Reached skill level 15 in Axes
  5930 | D:8      | Bought a +1 heavy broad axe for 184 gold pieces
  5943 | D:8      | Found a transporter.
  5966 | D:8      | Found a transporter.
  6094 | D:8      | Found Cuv Odghe's Antique Armour Boutique.
  6168 | D:8      | Noticed a two-headed ogre
  6173 | D:8      | Killed a two-headed ogre
  6369 | D:9      | Found a snail-covered altar of Cheibriados.
  6382 | D:9      | Reached skill level 16 in Axes
  6449 | D:9      | Found a flagged portal.
  6509 | Bailey   | Entered a bailey
  6514 | Bailey   | Noticed an orc warlord
  6680 | Bailey   | Found a runed translucent gate.
  6695 | Bailey   | Found a runed translucent gate.
  6697 | Bailey   | Found a runed translucent gate.
  6742 | Bailey   | Gained mutation: You passively dampen the noise of your
                  | surroundings. [potion of mutation]
  6742 | Bailey   | Gained mutation: You are partially covered in iridescent
                  | scales. (AC +2) [potion of mutation]
  6877 | Bailey   | Killed an orc warlord
  6878 | Bailey   | Reached skill level 17 in Axes
  6884 | Bailey   | Got the Compendium of Therianthropy and Stolen Souls
  6962 | D:9      | Reached XP level 11. HP: 37/54 MP: 12/12
  7159 | D:9      | Reached skill level 18 in Axes
  7717 | D:9      | Found a shimmering blue altar of Sif Muna.
  7881 | D:10     | Entered Level 10 of the Dungeon
  7903 | D:10     | Noticed a death yak
  7904 | D:10     | Noticed a death yak
  8133 | D:10     | Reached **** piety under Hepliaklqana
  8191 | D:10     | Found an ornate altar of the Wu Jian Council.
  8217 | D:10     | Noticed Erica
  8239 | D:10     | Killed Erica
  8331 | D:10     | Noticed Grum
  8339 | D:10     | Killed Grum
  8345 | D:10     | Reached skill level 19 in Axes
  8978 | D:10     | Noticed a death yak
  8979 | D:10     | Found a staircase to the Lair.
  8993 | D:9      | Killed a death yak
  9015 | D:9      | Slain by a death yak

Illustrated notes

Levels and vault maps discovered:
D:1:      kb_arrival_jail, layout_basic, minmay_misc_feat_pillars,
          kennysheep_flooded_box, dk_noncrumbling_3, columned_hall_lemuel,
          nicolae_grassy_gnolls
D:2:      layout_loops_cross, uniq_robin, uniq_sigmund
D:3:      gammafunk_wand_slinger, layout_basic,
          nicolae_yredelemnul_corpse_copse, gammafunk_temple_overflow_elements,
          xom_teletrap_fun
D:4:      layout_loops_ring
D:5:      layout_basic, nicolae_overflow_crystal_walls,
          minmay_temple_entry_gardened_gates, serial_bayou,
          serial_bayou_lagoon_a, serial_bayou_shore_b, serial_bayou_shore_a,
          serial_bayou_shore_b
D:6:      layout_cave_pools, nicolae_ossuary_entry_giza,
          kennysheep_small_spiral, kennysheep_generic_room_9
D:7:      layout_rooms, chequers_decorated_corner,
          chequers_serial_rivers_micro_d
D:8:      layout_cave_pools, mainiacjoe_overflow_paths,
          gammafunk_temple_overflow_arena, serial_shops,
          nicolae_shop_back_alley_shop, shop
D:9:      layout_loops_ring, lemuel_blue_sif_altar, old_standard_altar,
          enter_bailey_5, nicolae_looking_at_the_future
D:10:     lemuel_slime, layout_gridville, pdpol_wu_jian_five_deadly_venoms,
          dpeg_lair_monsters, uniq_grum, uniq_erica
Temple:   minmay_temple_forest_path

Skill      XL: |  1  2  3  4  5  6  7  8  9 10 11 |
---------------+----------------------------------+-----
Axes           | 4 6 7 8 9 12 14 17 19 | 19.8
Dodging        | 4 |  4.0
Fighting       | |  3.0

Action                     |  1- 3 |  4- 6 |  7- 9 | 10-12 || total
---------------------------+-------+-------+-------+-------++-------
  Melee: Hand axe          |    22 |       |       |       ||    22
         Kick              |     9 |    19 |    99 |    52 ||   179
         Peck              |     4 |    20 |    50 |    40 ||   114
         War axe           |    28 |   120 |   292 |     9 ||   449
         Punch             |       |     1 |     3 |     3 ||     7
         Broad axe         |       |       |       |   203 ||   203
         Halberd           |       |       |       |    17 ||    17
 Invoke: Ancestor Life: Kn |       |       |     1 |       ||     1
         Recall Ancestor   |       |       |     1 |     5 ||     6
  Evoke: Wand              |       |       |       |     6 ||     6
    Use: Potion            |     2 |       |     2 |     4 ||     8
         Scroll            |       |       |     7 |     1 ||     8
   Stab: Sleeping          |     2 |       |       |       ||     2
         Distracted        |       |       |       |     1 ||     1
 Armour: Robe              |    21 |     1 |       |       ||    22
         Ring mail         |       |    30 |   128 |    79 ||   237
  Dodge: Dodged            |    34 |    92 |   317 |   223 ||   666

Table legend: (Time is in decaauts)
 A = Elapsed time spent in this place.
 B = Non-inter-level travel time spent in this place.
 C = Inter-level travel time spent in this place.
 D = Time resting spent in this place.
 E = Time spent auto-exploring this place.
 F = Levels seen in this place.
 G = Mean time per level.
                   A        B        C        D        E       F      G
               +--------+--------+--------+--------+--------+-----+--------+
         Total |   9061 |   8758 |    303 |   1594 |   5300 |  13 |  697.0 |
       Dungeon |   8023 |   7720 |    303 |   1039 |   5102 |  10 |  802.3 |
        Temple |     90 |     90 |      0 |     87 |      0 |   1 |   90.0 |
       Ossuary |    500 |    500 |      0 |    344 |     51 |   1 |  500.0 |
        Bailey |    446 |    446 |      0 |    124 |    147 |   1 |  446.0 |
               +--------+--------+--------+--------+--------+-----+--------+

Top non-repeatable levels by time:
     D:9: 1333 daAuts
    D:10: 959 daAuts
     D:4: 936 daAuts
     D:5: 930 daAuts
     D:1: 786 daAuts
     D:8: 765 daAuts
     D:3: 756 daAuts
     D:6: 668 daAuts
     D:7: 501 daAuts
 Ossuary: 500 daAuts
  Bailey: 446 daAuts
     D:2: 384 daAuts
  Temple: 90 daAuts
